 Dungeon Crawl Stone Soup version 0.19.4-9-g45fd643 (webtiles) character file.

87 Gargoyl the Skirmisher (level 4, 0/41 HPs)
             Began as a Ghoul Abyssal Knight on Feb 21, 2017.
             Was a Follower of Lugonu.
             Slain by a spatial maelstrom (5 damage)
             ... on level 2 of the Abyss.
             The game lasted 00:00:24 (154 turns).

Gargoyl the Skirmisher (Ghoul Abyssal Knight)        Turns: 154, Time: 00:00:24

Health: 0/41       AC:  3    Str: 15    XL:     4   Next: 51%
Magic:  3/4        EV: 11    Int:  7    God:    Lugonu [*.....]
Gold:   48         SH:  0    Dex:  9    Spells: 0 memorised, 3 levels left

rFire  . . .     SeeInvis .     a - +1 hand axe
rCold  + . .     Gourm    .     b - +0 leather armour
rNeg   + + +     Faith    .     (no shield)
rPois  ∞         Spirit   .     (no helmet)
rElec  .         Reflect  .     (no cloak)
rCorr  .         Harm     .     (no gloves)
MR     .....                    (no boots)
Stlth  +.........               (no amulet)
                                (no ring)
                                (no ring)

@: rotting
A: rotting body, claws 1, carnivore 3, cold resistance 1, negative energy
resistance 3, slow regeneration 1, torment resistance, unbreathing
a: Depart the Abyss, Renounce Religion


You were on level 2 of the Abyss.
You worshipped Lugonu.
Lugonu was aware of your devotion.
You were not hungry.

You visited 0 branches of the dungeon, and saw 0 of its levels.
You visited the Abyss 1 time.

You collected 48 gold pieces.

Inventory:

Hand Weapons
 a - a +1 hand axe (weapon)
Armour
 b - a +0 leather armour (worn)
Comestibles
 c - a meat ration


   Skills:
 + Level 4.3 Fighting
 + Level 2.9 Axes
 + Level 2.1 Armour
 + Level 0.8 Dodging
 + Level 2.4 Invocations


You had 3 spell levels left.
You didn't know any spells.

Dungeon Overview and Level Annotations

Branches:
Dungeon (0/15)

Altars:


Innate Abilities, Weirdness & Mutations

Your body is rotting away.
You thrive on raw meat.
You are immune to poison.
You have sharp fingernails.
You are carnivorous and can eat meat at any time.
Your flesh is cold resistant. (rC+)
You are immune to negative energy. (rN+++)
You regenerate slowly when monsters are visible.
You are immune to unholy pain and torment.
You can survive without breathing.


Message History

It was a scroll of fear.
A spatial maelstrom comes into view.
The orange demon barely misses you. The orange demon hits you.
A spatial vortex, a starcursed mass and a raiju come into view.
A starcursed mass splits.
The orange demon stings you from afar. The orange demon stings you from afar!
A starcursed mass splits.
An apocalypse crab comes into view.
A spatial vortex and a neqoxec come into view.
A starcursed mass splits.
Found 36 gold pieces. 2 spatial vortices come into view.
The neqoxec shouts!
A chorus of shrieks assaults your mind.
A spatial vortex comes into view.
A starcursed mass splits.
The neqoxec hits you!
* * * LOW HITPOINT WARNING * * *
The spatial maelstrom hits you but does no damage.
The spatial maelstrom hits you.
You die...

.. # # ##... ##.
#.#...##....# ..$. #...
#..v.X. #.. # ####.###
#.4X###.#..# # ....# .
#.#......#.# .# #..##
#.#.#.X.###..#.# #. #
.....v.....v....## ..#
#.......XX.v.3...... ..
.. ....t.....@......(
..####..................
. ................... #
#......##.......... .
....... #.......... ##
...... .........## ..
..........# ............


You could see 5 starcursed masses, a spatial maelstrom, 3 spatial vortices, an
orange demon, an apocalypse crab and a neqoxec.

Vanquished Creatures
  An eye of draining (Abyss:2)
1 creature vanquished.

Notes
Turn   | Place    | Note
-------+----------+-------------------------------------------
     0 | Abyss:1  | Gargoyl the Ghoul Abyssal Knight began the quest for the Orb.
     0 | Abyss:1  | Reached XP level 1. HP: 19/19 MP: 1/1
   102 | Abyss:2  | Noticed an eye of draining
   119 | Abyss:2  | Killed an eye of draining
   119 | Abyss:2  | Reached skill level 4 in Fighting
   119 | Abyss:2  | Reached XP level 2. HP: 28/28 MP: 0/2
   119 | Abyss:2  | Reached XP level 3. HP: 34/34 MP: 0/3
   119 | Abyss:2  | Reached XP level 4. HP: 41/41 MP: 0/4
   142 | Abyss:2  | Noticed an orange demon
   147 | Abyss:2  | Noticed a spatial maelstrom
   148 | Abyss:2  | Noticed a starcursed mass
   148 | Abyss:2  | Noticed a raiju
   148 | Abyss:2  | Noticed a spatial vortex
   150 | Abyss:2  | Noticed an apocalypse crab
   151 | Abyss:2  | Noticed a neqoxec
   151 | Abyss:2  | Noticed a spatial vortex
   152 | Abyss:2  | Noticed a spatial vortex
   152 | Abyss:2  | Noticed a spatial vortex
   153 | Abyss:2  | Noticed a spatial vortex
   154 | Abyss:2  | Slain by a spatial maelstrom

Skill      XL: |  1 |
---------------+----+-----
Fighting       | 4 |  4.3
Axes           | 2 |  2.9
Armour         | 2 |  2.1
Dodging        | |  0.8
Invocations    | |  2.4

Action                   |  1- 3 |  4- 6 || total
-------------------------+-------+-------++-------
Melee: Hand axe          |    15 |       ||    15
  Use: Scroll            |       |     1 ||     1
Armor: Leather armour    |       |     1 ||     1
Dodge: Dodged            |       |     1 ||     1
